| TOP OF THE 1ST |
|
New Hampshire Fisher Cats batting - Pitching for Chattanooga Lookouts : LHP Jon Lizarraga
|
|
Pitching: LHP Jon Lizarraga
|
|
|
Batting: RHB Justin Powell
|
0-0: Foul Ball, location: 2F 0-1: Ball 1-1: Called Strike 1-2: Strikes out looking
|
|
Batting: SHB Bryan Johnston
|
0-0: Ground out 1-3 (Groundball, 13S, EV 63.8 MPH)
|
|
Batting: RHB Justin Geiger
|
0-0: Ball 1-0: Foul Ball, location: 2F 1-1: Ball 2-1: Ground out 6-3 (Groundball, 6, EV 86.9 MPH)
|
| Top of the 1st over - 0 runs, 0 hits, 0 errors, 0 left on base; New Hampshire 0 - Chattanooga 0 |
| BOTTOM OF THE 1ST |
|
Chattanooga Lookouts batting - Pitching for New Hampshire Fisher Cats : RHP Orlando Giron
|
|
Pitching: RHP Orlando Giron
|
|
|
Batting: LHB Marshall Daul
|
0-0: Called Strike 0-1: Ground out 4-3 (Groundball, 34D, EV 96.2 MPH)
|
|
Batting: RHB Mike Craver
|
0-0: Ball 1-0: Called Strike 1-1: Ball 2-1: SINGLE (Groundball, 6MD, EV 101.9 MPH) (infield hit)
|
|
Batting: LHB Shaun Price
|
0-0: SINGLE (Groundball, 4D, EV 103.8 MPH) Mike Craver to second
|
|
Batting: LHB Kuemon Shishido
|
0-0: Swinging Strike 0-1: Foul Ball, location: 2F 0-2: Foul Ball, location: 2F 0-2: Strikes out swinging
|
|
Batting: RHB Manuel Juarez
|
0-0: Called Strike 0-1: Swinging Strike 0-2: Strikes out looking
|
| Bottom of the 1st over - 0 runs, 2 hits, 0 errors, 2 left on base; New Hampshire 0 - Chattanooga 0 |
| TOP OF THE 2ND |
|
New Hampshire Fisher Cats batting - Pitching for Chattanooga Lookouts : LHP Jon Lizarraga
|
|
Batting: RHB Yojiro Hayashi
|
0-0: Ball 1-0: Ground out 6-3 (Groundball, 6, EV 103.8 MPH)
|
|
Batting: RHB Marcos Villalobos
|
0-0: Ball 1-0: DOUBLE (Line Drive, 9LM, EV 100.0 MPH)
|
|
Batting: RHB Chris Martin
|
0-0: Foul Ball, location: 2F 0-1: Ball 1-1: Foul Ball, location: 2F 1-2: Strikes out swinging
|
|
Batting: RHB Raul de la Cruz
|
0-0: Foul Ball, location: 2F 0-1: Ball 1-1: Ground out 6-3 (Groundball, 6M, EV 96.9 MPH)
|
| Top of the 2nd over - 0 runs, 1 hit, 0 errors, 1 left on base; New Hampshire 0 - Chattanooga 0 |
| BOTTOM OF THE 2ND |
|
Chattanooga Lookouts batting - Pitching for New Hampshire Fisher Cats : RHP Orlando Giron
|
|
Batting: SHB Matt Urbani
|
0-0: Called Strike 0-1: Ball 1-1: Foul Ball, location: 2F 1-2: Ball 2-2: Foul Ball, location: 2F 2-2: Foul Ball, location: 2F 2-2: Ball 3-2: Ground out 6-3 (Groundball, 6M, EV 82.5 MPH)
|
|
Batting: LHB Jayden Thomas
|
0-0: Ground out 5-3 (Groundball, 5, EV 76.2 MPH)
|
|
Batting: LHB Brian Wagner
|
0-0: Foul Ball, location: 2F 0-1: Ground out 4-3 (Groundball, 4S, EV 68.1 MPH)
|
| Bottom of the 2nd over - 0 runs, 0 hits, 0 errors, 0 left on base; New Hampshire 0 - Chattanooga 0 |
| TOP OF THE 3RD |
|
New Hampshire Fisher Cats batting - Pitching for Chattanooga Lookouts : LHP Jon Lizarraga
|
|
Batting: RHB Jon Aguilar
|
0-0: Ball 1-0: Foul Ball, location: 2F 1-1: Called Strike 1-2: Ball 2-2: Foul Ball, location: 2F 2-2: SINGLE (Groundball, 56D, EV 105.0 MPH)
|
|
Batting: RHB Tokuji Kawabata
|
0-0: Ball 1-0: Called Strike 1-1: Called Strike Jon Aguilar is caught stealing 2nd base 2-4 1-2: Ground out 5-3 (Groundball, 5S, EV 76.2 MPH)
|
|
Batting: RHB Justin Powell
|
0-0: Called Strike 0-1: Foul Ball, location: 2F 0-2: Strikes out swinging
|
| Top of the 3rd over - 0 runs, 1 hit, 0 errors, 0 left on base; New Hampshire 0 - Chattanooga 0 |
| BOTTOM OF THE 3RD |
|
Chattanooga Lookouts batting - Pitching for New Hampshire Fisher Cats : RHP Orlando Giron
|
|
Batting: RHB John Dew
|
0-0: SINGLE (Groundball, 4MS, EV 73.1 MPH) (infield hit)
|
|
Batting: LHB Marshall Daul
|
0-0: Swinging Strike 0-1: Swinging Strike 0-2: Ball 1-2: Strikes out swinging
|
|
Batting: RHB Mike Craver
|
0-0: Fly out, F5 (Flyball, 5D, EV 81.9 MPH)
|
|
Batting: LHB Shaun Price
|
0-0: Ball 1-0: Ball 2-0: DOUBLE (Line Drive, 5D, EV 94.4 MPH) John Dew to third Runner from 3rd tries for Home, SAFE, no throw by LF
|
|
Batting: LHB Kuemon Shishido
|
0-0: Ball 1-0: SINGLE (Line Drive, 9LS, EV 99.4 MPH) Shaun Price to third
|
|
Batting: RHB Manuel Juarez
|
0-0: Called Strike 0-1: Foul Ball, location: 2F 0-2: Ball 1-2: Ball 2-2: Ball 3-2: Foul Ball, location: 2F 3-2: Strikes out looking
|
| Bottom of the 3rd over - 1 run, 3 hits, 0 errors, 2 left on base; New Hampshire 0 - Chattanooga 1 |
| TOP OF THE 4TH |
|
New Hampshire Fisher Cats batting - Pitching for Chattanooga Lookouts : LHP Jon Lizarraga
|
|
Batting: SHB Bryan Johnston
|
0-0: Ball 1-0: Ball 2-0: Ball 3-0: Base on Balls
|
|
Batting: RHB Justin Geiger
|
0-0: Ball 1-0: Ball 2-0: Ball 3-0: Base on Balls Bryan Johnston to second
|
|
Batting: RHB Yojiro Hayashi
|
0-0: Ball 1-0: Ball 2-0: Fly out, F9 (Flyball, 9, EV 81.2 MPH)
|
|
Batting: RHB Marcos Villalobos
|
0-0: Called Strike 0-1: Called Strike 0-2: Strikes out swinging
|
|
Batting: RHB Chris Martin
|
0-0: Ball 1-0: Ball 2-0: Ball 3-0: Called Strike 3-1: Called Strike 3-2: 3-RUN HOME RUN (Flyball, 7LD, EV 102.5 MPH), Distance : 379 ft
|
|
Batting: RHB Raul de la Cruz
|
0-0: Swinging Strike 0-1: Ball 1-1: Ball 2-1: Foul Ball, location: 2F 2-2: Foul Ball, location: 2F 2-2: Hit by Pitch
|
|
Batting: RHB Jon Aguilar
|
0-0: Ball 1-0: Called Strike Raul de la Cruz steals 2nd base (no throw) 1-1: Ground out 5-3 (Groundball, 56, EV 106.9 MPH)
|
| Top of the 4th over - 3 runs, 1 hit, 0 errors, 1 left on base; New Hampshire 3 - Chattanooga 1 |
| BOTTOM OF THE 4TH |
|
Chattanooga Lookouts batting - Pitching for New Hampshire Fisher Cats : RHP Orlando Giron
|
|
Batting: SHB Matt Urbani
|
0-0: Foul Ball, location: 2F 0-1: Fly out, F7 (Flyball, 7, EV 88.8 MPH)
|
|
Batting: LHB Jayden Thomas
|
0-0: Ball 1-0: Ball 2-0: Called Strike 2-1: Foul Ball, location: 2F 2-2: SINGLE (Groundball, 6S, EV 70.6 MPH) (infield hit)
|
|
Batting: LHB Brian Wagner
|
0-0: Called Strike 0-1: Ball 1-1: Ball 2-1: Ground out 4-3 (Groundball, 34, EV 92.5 MPH) Jayden Thomas to second
|
|
Batting: RHB John Dew
|
0-0: Called Strike 0-1: Fly out, F8 (Flyball, 8LXD, EV 105.0 MPH)
|
| Bottom of the 4th over - 0 runs, 1 hit, 0 errors, 1 left on base; New Hampshire 3 - Chattanooga 1 |
| TOP OF THE 5TH |
|
New Hampshire Fisher Cats batting - Pitching for Chattanooga Lookouts : LHP Jon Lizarraga
|
|
Batting: RHB Tokuji Kawabata
|
0-0: Called Strike 0-1: Foul Ball, location: 2F 0-2: Ball 1-2: Ball 2-2: Strikes out looking
|
|
Batting: RHB Justin Powell
|
0-0: Ground out 5-3 (Groundball, 5S, EV 88.1 MPH)
|
|
Batting: SHB Bryan Johnston
|
0-0: Ball 1-0: Called Strike 1-1: Ground out 1-3 (Groundball, 13, EV 65.0 MPH)
|
| Top of the 5th over - 0 runs, 0 hits, 0 errors, 0 left on base; New Hampshire 3 - Chattanooga 1 |
| BOTTOM OF THE 5TH |
|
Chattanooga Lookouts batting - Pitching for New Hampshire Fisher Cats : RHP Orlando Giron
|
|
Batting: LHB Marshall Daul
|
0-0: Called Strike 0-1: Ball 1-1: Foul Ball, location: 2F 1-2: Ball 2-2: Ball 3-2: Strikes out looking
|
|
Batting: RHB Mike Craver
|
0-0: Ball 1-0: Foul Ball, location: 2F 1-1: Foul Ball, location: 2F 1-2: Strikes out swinging
|
|
Batting: LHB Shaun Price
|
0-0: Called Strike 0-1: Ball 1-1: Swinging Strike 1-2: Ball 2-2: Strikes out looking
|
| Bottom of the 5th over - 0 runs, 0 hits, 0 errors, 0 left on base; New Hampshire 3 - Chattanooga 1 |
| TOP OF THE 6TH |
|
New Hampshire Fisher Cats batting - Pitching for Chattanooga Lookouts : LHP Jon Lizarraga
|
|
Batting: RHB Justin Geiger
|
0-0: Foul Ball, location: 2F 0-1: Foul Ball, location: 2F 0-2: Fly out, F9 (Flyball, 9, EV 84.4 MPH)
|
|
Batting: RHB Yojiro Hayashi
|
0-0: Ball 1-0: Ball 2-0: Foul Ball, location: 2F 2-1: Foul Ball, location: 2F 2-2: Ball 3-2: Ground out 5-3 (Groundball, 5, EV 101.2 MPH)
|
|
Batting: RHB Marcos Villalobos
|
0-0: Ball 1-0: Ball 2-0: Ground out U3 (Groundball, 3, EV 76.2 MPH)
|
| Top of the 6th over - 0 runs, 0 hits, 0 errors, 0 left on base; New Hampshire 3 - Chattanooga 1 |
| BOTTOM OF THE 6TH |
|
Chattanooga Lookouts batting - Pitching for New Hampshire Fisher Cats : RHP Orlando Giron
|
|
Batting: LHB Kuemon Shishido
|
0-0: Ball 1-0: Foul Ball, location: 2F 1-1: Ground out 3-1 (Groundball, 34, EV 85.6 MPH)
|
|
Batting: RHB Manuel Juarez
|
0-0: Ball 1-0: Ball 2-0: Ball 3-0: Called Strike 3-1: Ground out U3 (Groundball, 34S, EV 86.9 MPH)
|
|
Batting: SHB Matt Urbani
|
0-0: Ball 1-0: Foul Ball, location: 2F 1-1: Foul Ball, location: 2F 1-2: SINGLE (Groundball, 34D, EV 95.0 MPH)
|
|
Batting: LHB Jayden Thomas
|
0-0: Ground out 4-3 (Groundball, 4, EV 99.4 MPH)
|
| Bottom of the 6th over - 0 runs, 1 hit, 0 errors, 1 left on base; New Hampshire 3 - Chattanooga 1 |
| TOP OF THE 7TH |
|
New Hampshire Fisher Cats batting - Pitching for Chattanooga Lookouts : LHP Jon Lizarraga
|
|
Batting: RHB Chris Martin
|
0-0: Ball 1-0: Ball 2-0: Called Strike 2-1: Foul Ball, location: 2F 2-2: Strikes out swinging
|
|
Batting: RHB Raul de la Cruz
|
0-0: Called Strike 0-1: Fly out, F7 (Flyball, 7, EV 73.1 MPH)
|
|
Batting: RHB Jon Aguilar
|
0-0: Foul Ball, location: 2F 0-1: Ground out 4-3 (Groundball, 4, EV 82.5 MPH)
|
| Top of the 7th over - 0 runs, 0 hits, 0 errors, 0 left on base; New Hampshire 3 - Chattanooga 1 |
| BOTTOM OF THE 7TH |
|
Chattanooga Lookouts batting - Pitching for New Hampshire Fisher Cats : RHP Orlando Giron
|
|
Now at 1B: Chris Martin
|
|
|
Now at 2B: Kirk Seiffert
|
|
|
Now in LF: Gabe Pace
|
|
|
Batting: LHB Brian Wagner
|
0-0: Ball 1-0: Foul Ball, location: 2F 1-1: Ground out 4-3 (Groundball, 4, EV 86.2 MPH)
|
|
Batting: RHB John Dew
|
0-0: Ball 1-0: Ball 2-0: Ground out 4-3 (Groundball, 4, EV 86.9 MPH)
|
|
Batting: LHB Marshall Daul
|
0-0: Foul Ball, location: 2F 0-1: Foul Ball, location: 2F 0-2: Ball 1-2: Ball 2-2: Ball 3-2: Foul Ball, location: 2F 3-2: Fly out, F4 (Flyball, 34D, EV 93.8 MPH)
|
| Bottom of the 7th over - 0 runs, 0 hits, 0 errors, 0 left on base; New Hampshire 3 - Chattanooga 1 |
| TOP OF THE 8TH |
|
New Hampshire Fisher Cats batting - Pitching for Chattanooga Lookouts : LHP Jon Lizarraga
|
|
Batting: RHB Tokuji Kawabata
|
0-0: Called Strike 0-1: Ball 1-1: Ball 2-1: Ball 3-1: Swinging Strike 3-2: Base on Balls
|
|
Pitching: RHP Justin Gorden
|
|
|
Batting: RHB Justin Powell
|
0-0: Bunted foul 0-1: Sac Bunt to 3S - play at first, batter safe! Tokuji Kawabata to second
|
|
Batting: SHB Bryan Johnston
|
0-0: Bunted foul 0-1: Sac Bunt to P - play at first, batter OUT! 1-4 Tokuji Kawabata to third Justin Powell to second
|
|
Batting: RHB Justin Geiger
|
0-0: Ground out 4-3 (Groundball, 4M, EV 102.5 MPH) Tokuji Kawabata scores Justin Powell to third
|
|
Batting: LHB Gabe Pace
|
0-0: Intentional Walk
|
|
Batting: RHB Marcos Villalobos
|
0-0: Swinging Strike 0-1: Fly out, F3 (Popup, 3F, EV 60.0 MPH)
|
| Top of the 8th over - 1 run, 1 hit, 0 errors, 2 left on base; New Hampshire 4 - Chattanooga 1 |
| BOTTOM OF THE 8TH |
|
Chattanooga Lookouts batting - Pitching for New Hampshire Fisher Cats : RHP Orlando Giron
|
|
Batting: RHB Mike Craver
|
0-0: Foul Ball, location: 2F 0-1: Foul Ball, location: 2F 0-2: Ball 1-2: Foul Ball, location: 2F 1-2: Ground out 1-3 (Groundball, 34S, EV 68.1 MPH)
|
|
Batting: LHB Shaun Price
|
0-0: Called Strike 0-1: Foul Ball, location: 2F 0-2: Ball 1-2: Strikes out looking
|
|
Batting: LHB Kuemon Shishido
|
0-0: Swinging Strike 0-1: Ball 1-1: Swinging Strike 1-2: Ground out 6-3 (Groundball, 4, EV 84.4 MPH)
|
| Bottom of the 8th over - 0 runs, 0 hits, 0 errors, 0 left on base; New Hampshire 4 - Chattanooga 1 |
| TOP OF THE 9TH |
|
New Hampshire Fisher Cats batting - Pitching for Chattanooga Lookouts : RHP Justin Gorden
|
|
Batting: RHB Chris Martin
|
0-0: Fly out, F8 (Line Drive, 89M, EV 88.8 MPH)
|
|
Batting: RHB Kirk Seiffert
|
0-0: Foul Ball, location: 2F 0-1: Ball 1-1: Swinging Strike 1-2: Strikes out looking
|
|
Batting: RHB Jon Aguilar
|
0-0: Ball 1-0: Foul Ball, location: 2F 1-1: Ball 2-1: Fly out, F9 (Flyball, 89M, EV 84.4 MPH)
|
| Top of the 9th over - 0 runs, 0 hits, 0 errors, 0 left on base; New Hampshire 4 - Chattanooga 1 |
| BOTTOM OF THE 9TH |
|
Chattanooga Lookouts batting - Pitching for New Hampshire Fisher Cats : RHP Orlando Giron
|
|
Pitching: LHP Mitchel Larson
|
|
|
Batting: RHB Manuel Juarez
|
0-0: Ball 1-0: Called Strike 1-1: Fly out, F9 (Flyball, 9, EV 95.0 MPH)
|
|
Batting: SHB Matt Urbani
|
0-0: Called Strike 0-1: Foul Ball, location: 2F 0-2: Strikes out looking
|
|
Batting: LHB Jayden Thomas
|
0-0: Called Strike 0-1: Foul Ball, location: 2F 0-2: SOLO HOME RUN (Flyball, 89XD, EV 104.4 MPH) (Inside the Park)
|
|
Batting: LHB Brian Wagner
|
0-0: Ball 1-0: Called Strike 1-1: Ball 2-1: Foul Ball, location: 2F 2-2: Strikes out swinging
|
| Bottom of the 9th over - 1 run, 1 hit, 0 errors, 0 left on base; New Hampshire 4 - Chattanooga 2 |
|